 Dungeon Crawl Stone Soup version 0.30-a0-778-g2ef04afb54 (webtiles) character file.

Game seed: 13914189361736081771

3610 funkygono the Arsonist (level 10, -21/52 HPs)
             Began as a Gargoyle Fire Elementalist on Feb 15, 2023.
             Was a Believer of Vehumet.
             Demolished by a boulder beetle (34 damage)
             ... on level 8 of the Dungeon.
             The game lasted 00:13:14 (7057 turns).

funkygono the Arsonist (Gargoyle Fire Elementalist) Turns: 7057, Time: 00:13:15

Health: -21/52     AC: 20    Str: 18    XL:     10   Next: 11%
Magic:  20/21      EV: 11    Int: 24    God:    Vehumet [**....]
Gold:   342        SH:  0    Dex: 10    Spells: 14/24 levels left

rFire   + . .      SeeInvis .    k - +1 whip
rCold   + + +      Faith    .    (no shield)
rNeg    + . .      Spirit   .    u - +1 leather armour "Dah Seot" {rC++}
rPois   ∞          Reflect  .    d - +2 helmet of Umunirez {*Corrode rElec Str+6 Int+4}
rElec   +          Harm     .    w - scarf {rC+ rF+}
rCorr   .          Rampage  .    (no gloves)
Will    .....                    x - +1 pair of boots
Stlth   ++                       s - amulet of magic regeneration
HPRegen 0.28/turn                v - +4 ring of protection
MPRegen 0.57/turn                (no ring)

@: no status effects
A: sickness immunity, AC +7, negative energy resistance 1, electricity
resistance, torment resistance 1, petrification resistance
a: Renounce Religion


You were on level 8 of the Dungeon.
You worshipped Vehumet.
Vehumet was pleased with you.
You visited 2 branches of the dungeon, and saw 10 of its levels.

You collected 342 gold pieces.

Inventory:

Hand Weapons
 e - a +2 flail of holy wrath
 k - a +1 whip (weapon)
 t - a +2 falchion of holy wrath
Missiles
 p - 2 throwing nets
Armour
 a - a +0 robe
 d - the +2 helmet of Umunirez (worn) {*Corrode rElec Str+6 Int+4}
   (You took it off Robin on level 2 of the Dungeon)

   Str:       It affects your strength (+6).
   Int:       It affects your intelligence (+4).
   rElec:     It insulates you from electricity.
   *Corrode:  It may corrode you when you take damage.
 j - a +0 troll leather armour
 u - the +1 leather armour "Dah Seot" (worn) {rC++}
   (You found it on level 3 of the Dungeon)

   rC:        It greatly protects you from cold.
 w - a scarf of resistance (worn)
 x - a +1 pair of boots (worn)
 B - +0 steam dragon scales
Jewellery
 s - an amulet of magic regeneration (around neck)
 v - a +4 ring of protection (left hand)
Wands
 h - a wand of iceblast (8)
 y - a wand of flame (32)
Scrolls
 f - a scroll of silence
 i - 4 scrolls of teleportation
 A - a scroll of blinking
Potions
 b - 2 potions of magic
 c - 7 potions of lignification
 g - 3 potions of heal wounds
 l - 2 potions of attraction
 m - 2 potions of resistance
 n - 4 potions of might
 o - 2 potions of haste {unknown}
 q - 3 potions of curing {unknown}
 z - a potion of brilliance {unknown}


   Skills:
 + Level 1.4 Fighting
 + Level 2.1 Maces & Flails
 + Level 2.0 Armour
 + Level 2.2 Dodging
 - Level 2.1 Stealth
 + Level 7.8 Spellcasting
 + Level 5.9 Conjurations
 + Level 8.2 Fire Magic
 * Level 4.3 Air Magic


You had 14 spell levels left.
You knew the following spells:

 Your Spells              Type           Power      Damage    Failure   Level
a - Foxfire               Conj/Fire      100%       2x1d9     1%          1
b - Scorch                Fire           96%        2d10      1%          2
c - Kindle Blastsparks    Fire/Tloc/Air  58%        2d14      4%          3
d - Flame Wave            Conj/Fire      43%        2d11      4%          4

Your spell library contained the following spells:

 Spells                   Type           Power      Damage    Failure   Level
 Kiss of Death            Conj/Necr      92%        2d12      2%          1
 Magic Dart               Conj           100%       1d8       1%          1
 Inner Flame              Hex/Fire       29%        N/A       4%          3
 Mephitic Cloud           Conj/Pois/Air  25%        N/A       6%          3
 Hailstorm                Conj/Ice       23%        3d7       7%          3
 Apportation              Tloc           18%        N/A       8%          1
 Freeze                   Ice            36%        1d5       8%          1
 Necrotise                Necr           36%        1d5       8%          1
 Summon Small Mammal      Summ           36%        N/A       8%          1
 Call Imp                 Summ           9%         N/A       12%         2
 Frozen Ramparts          Ice            18%        1d3       24%         3
 Vampiric Draining        Necr           9%         2d6       24%         3
 Anguish                  Hex/Necr       4%         N/A       61%         4
 Ice Form                 Ice/Tmut       9%         N/A       61%         4
 Agony                    Necr           9%         N/A       91%         5
 Alistair's Intoxication  Tmut/Pois      6%         N/A       91%         5
 Summon Mana Viper        Hex/Summ       9%         N/A       91%         5
 Simulacrum               Ice/Necr       4%         N/A       100%        6
 Enfeeble                 Hex            4%         N/A       100%        7
 Haunt                    Necr/Summ      4%         N/A       100%        7


Dungeon Overview and Level Annotations

Branches:
Dungeon (9/15)             Temple (1/1) D:4
   Lair: D:8-11         Orc: D:9-12

Altars:
Ashenzari
Cheibriados
Dithmenos
Elyvilon
Fedhas
Gozag
Hepliaklqana
Kikubaaqudgha
Makhleb
Nemelex Xobeh
Okawaru
Qazlal
Ru
Sif Muna
Uskayaw
Vehumet
Wu Jian
Xom
Yredelemnul
Zin
The Shining One


Innate Abilities, Weirdness & Mutations

You are immune to sickness and miasma.
Your stone body is resilient. (AC +7)
You are immune to poison.
You resist negative energy. (rN+)
You are resistant to electric shocks. (rElec)
You are resistant to unholy torment.
You are immune to petrification.


Message History

You hit the boulder beetle.
The boulder beetle is lightly wounded.
The boulder beetle barely misses you.
You hit the boulder beetle but do no damage.
The boulder beetle is lightly wounded.
The boulder beetle barely misses you.
You hit the boulder beetle.
The boulder beetle is lightly wounded.
The boulder beetle closely misses you.
You hit the boulder beetle but do no damage.
The boulder beetle is lightly wounded.
A yak comes into view.
The boulder beetle barely misses you.
Okay, then.
The boulder beetle closely misses you.
You climb upwards.
There is a stone staircase leading down here.
Unknown command.
You feel much better. The boulder beetle bites you!
Unknown command.
The boulder beetle attacks as you move away!
The boulder beetle bites you.
The boulder beetle leaps!
The boulder beetle curls into a ball and begins rolling!
Casting: Foxfire (safe; 1% risk of failure)
Confirm with . or Enter, or press ? or * to list all spells.
A cloud of volatile blastsparks flares up around you!
The boulder beetle hits you!
* * * LOW HITPOINT WARNING * * *
The boulder beetle stops rolling and uncurls.
The boulder beetle attacks as you move away!
The boulder beetle barely misses you.
The boulder beetle curls into a ball and begins rolling!
There is a stone staircase leading down here.
The cloud of blastsparks explodes!
The concussive blast engulfs the boulder beetle.
The boulder beetle is lightly wounded.
The boulder beetle attacks as you move away!
The boulder beetle hits you!!
Ouch! That really hurt!
You die...

..............#
.#####..####..####
.# #..####.....#
## #....##.###.#
#######.#.##.# #.#
..).....#.##.# #°#
#########.##.# #°#
#.##.# #B#
#.##.###@#
#......#.#
###....#.####
#.#........#
##....####.#
##.#.# #.# #.#)#
#.# #.#.# ##.##
#.#.###...##


You could see a boulder beetle (rolling).

Vanquished Creatures
  A two-headed ogre (D:7)
  Maggie (D:8)
  2 hornets
  A wraith (D:6)
  2 water moccasins
  A sky beast (D:7)
  An orc warrior (D:8)
  2 centaurs
  A kobold brigand (D:8)
  A phantom (D:7)
  A bullfrog (D:8)
  A necrophage (D:6)
  Blork the orc (D:4)
  4 scorpions
  4 killer bees (D:8)
  A hound (D:5)
  A jelly (D:5)
  4 orc priests (D:6)
  A gnoll bouda (D:7)
  3 iguanas
  10 orc wizards
  Robin (D:2)
  7 adders
  10 gnolls
  A white imp (D:6)
  2 ufetubi (D:5)
  3 dart slugs
  34 orcs
  5 bats
  3 endoplasms
  4 giant cockroaches
  18 goblins
  15 hobgoblins
  2 jackals (D:1)
  17 kobolds
  2 quokkas
  8 ball pythons
  2 frilled lizards (D:1)
  6 rats (D:1)
184 creatures vanquished.

Vanquished Creatures (others)
  565 foxfires
565 creatures vanquished.

Grand Total: 749 creatures vanquished

Notes
Turn   | Place    | Note
-------+----------+-------------------------------------------
     0 | D:1      | funkygono the Gargoyle Fire Elementalist began the quest
                  | for the Orb.
     0 | D:1      | Reached XP level 1. HP: 10/10 MP: 3/3
   209 | D:1      | Reached XP level 2. HP: 15/15 MP: 3/5
   212 | D:1      | Learned a level 2 spell: Scorch
   590 | D:1      | Reached XP level 3. HP: 19/19 MP: 2/6
   651 | D:1      | Learned a level 3 spell: Kindle Blastsparks
   951 | D:2      | Identified the +2 helmet of Umunirez {*Corrode rElec Str+6
                  | Int+4}
   951 | D:2      | Noticed Robin
  1031 | D:2      | Killed Robin
  1034 | D:2      | Reached XP level 4. HP: 21/24 MP: 0/7
  1597 | D:2      | Reached skill level 4 in Fire Magic
  1873 | D:3      | Identified the +1 leather armour "Dah Seot" {rC++}
  2140 | D:3      | Reached XP level 5. HP: 28/28 MP: 6/9
  2148 | D:3      | Learned a level 4 spell: Flame Wave
  2800 | D:4      | Noticed Blork the orc
  2806 | D:4      | Killed Blork the orc
  2852 | D:4      | Reached XP level 6. HP: 33/33 MP: 11/11
  3066 | D:4      | Found a staircase to the Ecumenical Temple.
  3082 | Temple   | Entered the Ecumenical Temple
  3082 | Temple   | Found a transporter.
  3082 | Temple   | Found a transporter.
  3084 | Temple   | Found a transporter.
  3084 | Temple   | Found a transporter.
  3336 | D:4      | Got Sif Muna's Atlas of the Helpful Wendigo
  3357 | D:4      | Reached skill level 1 in Maces & Flails
  3649 | D:5      | Entered Level 5 of the Dungeon
  3666 | D:5      | Reached skill level 5 in Fire Magic
  3787 | D:5      | Reached XP level 7. HP: 37/37 MP: 8/13
  4305 | D:6      | Reached skill level 1 in Fighting
  4309 | D:6      | Reached skill level 1 in Air Magic
  4394 | D:6      | Reached skill level 6 in Fire Magic
  4394 | D:6      | Reached XP level 8. HP: 43/43 MP: 8/15
  4607 | Temple   | Became a worshipper of Vehumet
  4737 | D:6      | Noticed a wraith
  4751 | D:6      | Killed a wraith
  4752 | D:6      | Reached skill level 5 in Spellcasting
  5146 | D:7      | Noticed a hornet
  5153 | D:7      | Reached skill level 1 in Armour
  5156 | D:7      | Killed a hornet
  5270 | D:7      | Noticed a two-headed ogre
  5285 | D:7      | Killed a two-headed ogre
  5286 | D:7      | Reached skill level 5 in Conjurations
  5286 | D:7      | Reached skill level 7 in Fire Magic
  5286 | D:7      | Reached XP level 9. HP: 16/47 MP: 8/18
  5520 | D:7      | Found a blossoming altar of Fedhas.
  5536 | D:7      | Found a hide-covered altar of Uskayaw.
  5905 | D:7      | Reached * piety under Vehumet
  5905 | D:7      | Offered knowledge of Kiss of Death by Vehumet.
  6084 | D:8      | Noticed a hornet
  6092 | D:8      | Killed a hornet
  6222 | D:8      | Found an ancient bone altar of Kikubaaqudgha.
  6402 | D:8      | Reached skill level 8 in Fire Magic
  6423 | D:8      | Reached XP level 10. HP: 51/52 MP: 19/21
  6667 | D:8      | Found a shimmering blue altar of Sif Muna.
  6865 | D:8      | Noticed Maggie
  6877 | D:8      | Killed Maggie
  6877 | D:8      | Reached ** piety under Vehumet
  7029 | D:9      | Noticed a boulder beetle
  7057 | D:8      | Demolished by a boulder beetle

Illustrated notes

Levels and vault maps discovered:
D:1:      minmay_arrival_shoal_huts, layout_rooms
D:2:      layout_rooms, serial_glass, glass_columns_c, glass_columns_a,
          glass_columns_a, glass_columns_a, due_unseen_surprise, st_stairs_6,
          uniq_robin
D:3:      layout_basic, chequers_arboretum
D:4:      layout_cave_pods, minmay_temple_entry_offerings, feat_on_display,
          uniq_blork_the_orc
D:5:      layout_basic, minmay_misc_feat_tiny, st_stairs_6
D:6:      layout_gridville, minmay_microvault
D:7:      corexii_shantytown, layout_loops_ring,
          mainiacjoe_overflow_catwalk_spiral
D:8:      layout_loops_ring, led_sif_book, kiku_gazebo_pond_becter,
          nrook_mini_backslash, uniq_maggie
D:9:      layout_gridville, david_lair_generic, orc_david_3, uniq_joseph
Temple:   hellmonk_temple_divided_pantheon

Skill      XL: |  1  2  3  4  5  6  7  8  9 10 |
---------------+-------------------------------+-----
Fire Magic     | 4 5 6 7 8 |  8.2
Conjurations   | 2 3 5 |  5.9
Spellcasting   | 3 4 6 7 |  7.8
Dodging        | 2 |  2.2
Maces & Flails | 1 2 |  2.1
Fighting       | 1 |  1.4
Air Magic      | 1 3 4 |  4.3
Armour         | 1 2 |  2.0
Stealth        | |  2.1

Action                     |  1- 3 |  4- 6 |  7- 9 | 10-12 || total
---------------------------+-------+-------+-------+-------++-------
  Melee: Unarmed           |     2 |       |       |       ||     2
         Club              |     2 |     3 |       |       ||     5
         Whip              |       |     5 |    27 |    17 ||    49
         Punch             |       |       |     1 |       ||     1
   Cast: Foxfire           |    55 |    92 |   164 |    24 ||   335
         Scorch            |     2 |    10 |    42 |     2 ||    56
         Flame Wave        |       |       |     4 |     1 ||     5
         Kindle Blastspark |       |       |       |     1 ||     1
    Use: Scroll            |       |     9 |     5 |     1 ||    15
         Potion            |       |       |       |     1 ||     1
 Armour: Robe              |     7 |     5 |       |       ||    12
         Leather armour    |       |     1 |    39 |     5 ||    45
  Dodge: Dodged            |    15 |    16 |    52 |    10 ||    93

Table legend: (Time is in decaauts)
 A = Elapsed time spent in this place.
 B = Non-inter-level travel time spent in this place.
 C = Inter-level travel time spent in this place.
 D = Time resting spent in this place.
 E = Time spent auto-exploring this place.
 F = Levels seen in this place.
 G = Mean time per level.
                   A        B        C        D        E       F      G
               +--------+--------+--------+--------+--------+-----+--------+
         Total |   7066 |   6632 |    434 |    240 |   5153 |  10 |  706.6 |
       Dungeon |   6989 |   6586 |    403 |    240 |   5148 |   9 |  776.6 |
        Temple |     77 |     47 |     30 |      0 |      5 |   1 |   77.0 |
               +--------+--------+--------+--------+--------+-----+--------+

Top non-repeatable levels by time:
     D:7: 1031 daAuts
     D:3: 1013 daAuts
     D:1: 989 daAuts
     D:8: 960 daAuts
     D:4: 896 daAuts
     D:6: 859 daAuts
     D:2: 765 daAuts
     D:5: 454 daAuts
  Temple: 77 daAuts
     D:9: 18 daAuts
